Match 46745926
Unlisted

Match 46745926
End
Engineer Squad
Selects Special Operations Battlegroup
Selects M29 Weasel Recon Vehicle
M29 Weasel Recon Vehicle
Construct Weapon Support Center
M1919 Machine Gun Team
Bazooka Squad
Infantry Support Center
Construct Motor Pool
M8 Greyhound Armored Car
Selects Raiding Flares
M1919 Machine Gun Team
Engineer Squad
Advanced Logistics
Selects SSF Commando Squad
SSF Commando Squad
Survival Training
JBQuib
Cpt Darling
jwalker987
Maggie I will find you
101师187团E连
Mutzelmen
0
0

Comments sign in to comment!

No comments posted yet!